 Dungeon Crawl Stone Soup version 0.21.1-1-g345015f (webtiles) character file.

14 letownia2 the Magician (level 2, 0/19 HPs)
             Began as a Merfolk Wizard on Mar 9, 2018.
             Slain by a leopard gecko (4 damage)
             ... on level 2 of the Dungeon.
             The game lasted 00:01:46 (263 turns).

letownia2 the Magician (Merfolk Wizard)              Turns: 263, Time: 00:01:47

Health: 0/19       AC:  3    Str:  7    XL:     2   Next: 41%
Magic:  1/6        EV: 12    Int: 17    God:
Gold:   39         SH:  0    Dex: 12    Spells: 4/7 levels left

rFire    . . .     SeeInvis .   g - +0 spear
rCold    . . .     Gourm    .   (no shield)
rNeg     . . .     Faith    .   f - +0 leather armour
rPois    .         Spirit   .   b - +0 hat
rElec    .         Reflect  .   (no cloak)
rCorr    .         Harm     .   (no gloves)
MR       .....                  (no boots)
Stlth    ++........             (no amulet)
HPRegen  0.06/turn              (no ring)
MPRegen  0.10/turn              (no ring)

@: very slightly contaminated
A: change form in water, swift swim, stealthy swim
a: no special abilities


You were on level 2 of the Dungeon.
You were not hungry.

You visited 1 branch of the dungeon, and saw 3 of its levels.

You collected 39 gold pieces.

Inventory:

Hand Weapons
 g - a +0 spear (weapon)
Armour
 a - a +0 robe
 b - a +0 hat (worn)
 f - a +0 leather armour (worn)
 i - a cursed +0 scale mail
Scrolls
 h - a scroll of blinking {unknown}
Potions
 e - a potion of mutation {unknown}
Books
 c - a book of Minor Magic

   Spells                             Type                      Level
   a - Magic Dart                     Conjuration                  1
   b - Blink                          Translocation                2
   c - Call Imp                       Summoning                    2
   d - Slow                           Hexes                        2
   e - Conjure Flame                  Conjuration/Fire             3
   f - Mephitic Cloud                 Conjuration/Poison/Air       3
Comestibles
 d - 2 rations


   Skills:
 + Level 2.1 Polearms
 - Level 2.6 Dodging
 - Level 2.1 Stealth
 - Level 3.0 Spellcasting
 - Level 1.1 Conjurations
 + Level 1.3 Summonings
   Level 0.7 Translocations


You had 4 spell levels left.
You knew the following spells:

 Your Spells              Type           Power        Failure   Level  Hunger
a - Magic Dart            Conj           #...         17%         1    None
i - Call Imp              Summ           #.......     24%         2    ##.....


Dungeon Overview and Level Annotations

Branches:
Dungeon (3/15)

Altars:


Message History

Press: ? - help, Dir - move target cursor, f/p - leopard gecko
Aim: a leopard gecko (heavily wounded)
You barely miss the leopard gecko.
The leopard gecko is heavily wounded.
The leopard gecko bites you.
* * * LOW HITPOINT WARNING * * *
Attack whom?
Press: ? - help, Dir - move target cursor, f/p - leopard gecko
Aim: a leopard gecko (heavily wounded)
You completely miss the leopard gecko.
The leopard gecko is heavily wounded.
The leopard gecko closely misses you. x2
Unknown command.
Attack whom?
Press: ? - help, Dir - move target cursor, f/p - leopard gecko
Aim: a leopard gecko (heavily wounded)
You hit the leopard gecko.
The leopard gecko is almost dead.
The leopard gecko bites you.
You die...

#.#...#)###(#........ ..
#.......# #.......### #.##
###...#.# ###........ ...#
##.##.......###.### #..#
#>########## #.# ##..# #.# #.#
##...## ##'## ###.# #.....#
##.l.## #...# #...# ##..@..##
##.### #...## ##.......## ##..#
.###....####.........####...#####
...........'.........+...........
####....####.........####...#####
#.#.## ##.......## ##..# #.###
##.>...## #####.##### #.# ##)..##
#.........# #.# ##(## #.###.###.#


You could see a leopard gecko.

Vanquished Creatures
  A dart slug (D:1)
  A leopard gecko (D:2)
  A bat (D:2)
  4 goblins
  A hobgoblin (D:3)
  A kobold (D:2)
9 creatures vanquished.

Notes
Turn   | Place    | Note
-------+----------+-------------------------------------------
     0 | D:1      | letownia2 the Merfolk Wizard began the quest for the Orb.
     0 | D:1      | Reached XP level 1. HP: 13/13 MP: 4/4
    15 | D:1      | Reached skill level 1 in Conjurations
    54 | D:1      | Reached skill level 1 in Polearms
    78 | D:2      | Reached XP level 2. HP: 4/19 MP: 0/6
    99 | D:2      | Learned a level 2 spell: Call Imp
   263 | D:2      | Slain by a leopard gecko

Skill      XL: |  1  2 |
---------------+-------+-----
Conjurations   | 1 |  1.1
Polearms       | 1 2 |  2.1
Dodging        | |  2.6
Stealth        | |  2.1
Spellcasting   | |  3.0
Summonings     | |  1.3
Translocations | |  0.7

Action                   || total
-------------------------++-------
Melee: Spear             ||    31
       Unarmed           ||     7
 Cast: Magic Dart        ||    19
 Stab: Sleeping          ||     1
Armor: Robe              ||     1
       Leather armour    ||     2
Dodge: Dodged            ||    26
